 Dungeon Crawl Stone Soup version 0.31-a0-702-gf82c85558f (webtiles) character file.

Game seed: 16374307968619161256

19 qw the Shooter (level 2, 0/17 HPs)
             Began as a Gargoyle Hunter on Sept 8, 2023.
             Frozen to death by an endoplasm (3 damage)
             ... on level 1 of the Dungeon.
             The game lasted 00:00:04 (78 turns).

qw the Shooter (Gargoyle Hunter)                      Turns: 78, Time: 00:00:05

Health: 0/17       AC:  5    Str: 14    XL:     2   Next: 75%
Magic:  2/2        EV: 11    Int:  9    God:
Gold:   12         SH:  0    Dex: 13    Spells: 1/1 levels left

rFire   . . .        a - +0 shortbow
rCold   . . .        (shield currently unavailable)
rNeg    + . .        c - +0 leather armour
rPois   inf          (no helmet)
rElec   +            (no cloak)
rCorr   .            (no gloves)
SInv    .            (no boots)
Will    .....        (no amulet)
Stlth   +            (no ring)
HPRegen 0.22/turn    (no ring)
MPRegen 0.08/turn

%: no passive effects
@: no status effects
A: sickness immunity, AC +2, negative energy resistance 1, electricity
resistance, torment resistance 1, petrification resistance
a: no special abilities


You were on level 1 of the Dungeon.
You visited 1 branch of the dungeon, and saw 1 of its levels.

You collected 12 gold pieces.


Innate Abilities, Weirdness & Mutations

You are immune to sickness and miasma.
Your stone body is resilient. (AC +2)
You are immune to poison.
You resist negative energy. (rN+)
You are resistant to electric shocks. (rElec)
You are resistant to unholy torment.
You are immune to petrification.


   Skills:
 - Level 2.1 Fighting
 + Level 4.7 Ranged Weapons
 - Level 1.5 Dodging
 - Level 1.1 Stealth


You had one spell level left.
You didn't know any spells.
Your spell library was empty.

Inventory:

Hand Weapons
 a - a +0 shortbow (weapon)
Armour
 c - a +0 leather armour (worn)
Scrolls
 b - a scroll of butterflies
 d - a scroll of teleportation {unknown}

Dungeon Overview and Level Annotations

Branches:
Dungeon (1/15)

Altars:


Message History

You shoot an arrow. The arrow hits the gnoll.
You kill the gnoll!
You shoot an arrow.
The arrow barely misses the frilled lizard.
The frilled lizard bites you.
You shoot an arrow. The arrow hits the frilled lizard.
The frilled lizard is heavily wounded.
The frilled lizard closely misses you.
You shoot an arrow.
The arrow barely misses the frilled lizard.
The frilled lizard bites you but does no damage.
The frilled lizard barely misses you.
You shoot an arrow.
The arrow barely misses the frilled lizard.
The frilled lizard misses you. The frilled lizard bites you.
You shoot an arrow. The arrow misses the frilled lizard.
The frilled lizard barely misses you. The frilled lizard closely misses you.
You shoot an arrow.
The arrow barely misses the frilled lizard.
The frilled lizard bites you but does no damage.
The frilled lizard closely misses you. The frilled lizard misses you.
The frilled lizard bites you but does no damage.
You shoot an arrow. The arrow hits the frilled lizard!
You kill the frilled lizard!
The frilled lizard bites you.
You shoot an arrow. The arrow hits the frilled lizard.
You kill the frilled lizard!
You shoot an arrow. The arrow hits the endoplasm.
The endoplasm is lightly wounded.
The endoplasm closely misses you.
You shoot an arrow. The arrow hits the endoplasm.
The endoplasm is moderately wounded.
The endoplasm hits you.
You shoot an arrow. The arrow barely misses the endoplasm.
The endoplasm barely misses you.
You shoot an arrow. The arrow hits the endoplasm.
The endoplasm is heavily wounded.
The endoplasm freezes you.
You are frozen.
You die...

.... ....
####### .....
....... .....
##.......
.......>.......
......#.(......
......J........
#@.......
###........
#..........
#.#.#######
#...# ###.# ###
#.# ..# #.###
.### #.# #...#


You could see an endoplasm.

Vanquished Creatures
  A gnoll (D:1)
  2 endoplasms (D:1)
  A goblin (D:1)
  A hobgoblin (D:1)
  A kobold (D:1)
  A quokka (D:1)
  2 frilled lizards (D:1)
9 creatures vanquished.

Notes
Turn   | Place    | Note
-------+----------+-------------------------------------------
     0 | D:1      | qw the Gargoyle Hunter began the quest for the Orb.
     0 | D:1      | Reached XP level 1. HP: 12/12 MP: 1/1
     0 | D:1      | 0 ||| qw: Version: 0.3-a-76-g4403597
     0 | D:1      | 0 ||| qw: Game counter: 1218
     0 | D:1      | 0 ||| qw: Melee chars always use a shield: true
     0 | D:1      | 0 ||| qw: God list: Okawaru
     0 | D:1      | 0 ||| qw: Allow faded altars: false
     0 | D:1      | 0 ||| qw: Do Orc after clearing Dungeon:15 true
     0 | D:1      | 0 ||| qw: Do second Lair branch before Depths: true
     0 | D:1      | 0 ||| qw: Lair rune preference: random
     0 | D:1      | 0 ||| qw: Goals: Normal
     0 | D:1      | 0 ||| PLANNING D:1-11
    55 | D:1      | Reached XP level 2. HP: 17/17 MP: 2/2
    70 | D:1      | HP: 4/17 [frilled lizard (1)]
    76 | D:1      | HP: 3/17 [endoplasm (1)]
    78 | D:1      | Frozen to death by an endoplasm

Levels and vault maps discovered:
D:1:      nzn_arrival_crosshair, layout_basic

Action                     || total
---------------------------++-------
   Fire: Shortbow          ||    29
 Armour: Leather armour    ||    11
  Dodge: Dodged            ||    13

Table legend:
 A = Non-vault XP
 B = Vault XP
 C = Vault XP percentage of total XP
 D = Non-vault monster count
 E = Vault monster count
 F = Vault count percentage of total count
                 A         B        C        D         E       F
            +---------+---------+-------+---------+---------+-------
      Total |      28 |       0 |   0.0 |       9 |       0 |   0.0
            +---------+---------+-------+---------+---------+-------
        D:1 |      28 |       0 |   0.0 |       9 |       0 |   0.0
            +---------+---------+-------+---------+---------+-------
